 Dungeon Crawl Stone Soup version 0.27.0-1-g7a089689b8 (webtiles) character file.

Game seed: 1148627777610149266

168 Thatpatchoflichen the Ogre Mage (level 5, -1/54 HPs)
             Began as an Ogre Hedge Wizard on Aug 7, 2021.
             Shot with an arrow by a centaur (10 damage)
             ... on level 4 of the Dungeon.
             The game lasted 00:25:47 (5954 turns).

Thatpatchoflichen the Ogre Mage (Ogre Hedge Wizard) Turns: 5954, Time: 00:25:48

Health: -1/54      AC:  5    Str: 14    XL:     5   Next: 48%
Magic:  5/12       EV: 10    Int: 16    God:
Gold:   132        SH:  0    Dex:  8    Spells: 7/14 levels left

rFire    . . .     SeeInvis .   b - +0 hand axe (elec)
rCold    + . .     Faith    .   (no shield)
rNeg     . . .     Spirit   .   t - +0 robe
rPois    .         Reflect  .   c - +0 hat
rElec    .         Harm     .   g - +1 cloak
rCorr    .         Rampage  .   (gloves unavailable)
Will     .....                  (boots unavailable)
Stlth    +.........             (no amulet)
HPRegen  0.18/turn              i - ring of protection from cold
MPRegen  0.13/turn              s - ring of flight

@: flying
A: large, unfitting armour, tough skin 1
a: no special abilities


You were on level 4 of the Dungeon.
You visited 1 branch of the dungeon, and saw 4 of its levels.

You collected 192 gold pieces.
You spent 60 gold pieces at shops.

Inventory:

Hand Weapons
 a - a +0 dagger
 b - a +0 hand axe of electrocution (weapon)
 d - a +0 short sword
 x - a +0 flail
Missiles
 p - 15 poisoned darts
 v - 6 boomerangs
Armour
 c - a +0 hat (worn)
 g - a +1 cloak (worn)
 t - a +0 robe (worn)
Jewellery
 i - a ring of protection from cold (left hand)
 s - a ring of flight (right hand)
Scrolls
 e - 2 scrolls of torment
 f - 2 scrolls of fog {unknown}
 m - a scroll of fear {unknown}
 n - a scroll of blinking
 o - a scroll of enchant armour
 q - a scroll of immolation {unknown}
 u - a scroll of acquirement {unknown}
 w - a scroll of teleportation {unknown}
Potions
 h - a potion of magic
 j - a potion of mutation {unknown}
 k - a potion of haste {unknown}
 l - a potion of flight
 r - a potion of heal wounds
 z - a potion of curing
 A - a potion of resistance {unknown}
 B - 2 potions of degeneration {unknown}


   Skills:
 + Level 4.3 Fighting
 - Level 2.3 Dodging
 - Level 1.4 Stealth
 + Level 5.2 Spellcasting
 - Level 1.0 Conjurations
 - Level 0.8 Summonings
 - Level 0.8 Translocations


You had 7 spell levels left.
You knew the following spells:

 Your Spells              Type           Power      Damage    Failure   Level
a - Magic Dart            Conj           28%        1d4       10%         1
b - Call Imp              Summ           6%         N/A       16%         2
c - Blink                 Tloc           N/A        N/A       16%         2
d - Slow                  Hex            4%         N/A       22%         2

Your spell library contained the following spells:

 Spells                   Type           Power      Damage    Failure   Level
 Conjure Flame            Conj/Fire      5%         6-21      36%         3
 Mephitic Cloud           Conj/Pois/Air  5%         N/A       36%         3


Dungeon Overview and Level Annotations

Branches:
Dungeon (4/15)
 Temple: D:4-7

Altars:
Okawaru
Ru
Uskayaw

Shops:
D:2 *   D:3 :[


Innate Abilities, Weirdness & Mutations

You are too large for most types of armour.
You have tough skin. (AC +1)


Message History

The puff of frost misses the centaur.
The centaur shoots an arrow.
The arrow closely misses your white imp.
The arrow hits your crimson imp.
Your white imp barely misses the centaur.
The centaur unwields a +0 shortbow.
The centaur barely misses your crimson imp.
The centaur kicks your crimson imp.
Your white imp gestures at the centaur.
The puff of frost hits the centaur.
The centaur wields a +0 shortbow.
The centaur shoots an arrow.
The arrow hits your white imp!
Your crimson imp hits the centaur but does no damage.
Something barely misses your crimson imp.
Something kicks your crimson imp but does no damage.
Your crimson imp barely misses the centaur.
Your white imp barely misses the centaur.
Something hits your white imp. Something kicks your white imp.
Something closely misses your crimson imp.
Something kicks your crimson imp.
The centaur wields a +0 shortbow.
The centaur shoots an arrow.
The arrow hits your crimson imp!
Your crimson imp dies!
Your white imp hits the centaur.
Your white imp freezes the centaur.
Something hits your white imp. Something barely misses your white imp.
Your white imp hits the centaur.
Your white imp freezes the centaur.
The centaur wields a +0 shortbow.
The centaur shoots an arrow.
The arrow barely misses you.
The centaur shoots an arrow.
The arrow hits you!
The centaur shoots an arrow.
The arrow hits you!
* * * LOW HITPOINT WARNING * * *
The centaur shoots an arrow.
The arrow hits you.
* * * LOW HITPOINT WARNING * * *
The centaur shoots an arrow.
The arrow hits you but does no damage.
Casting: Call Imp (safe; 16% risk of failure)
Confirm with . or Enter, or press ? or * to list all spells.
A beastly little devil appears in a puff of frigid air.
The centaur shoots an arrow.
The arrow misses your white imp. The arrow barely misses you.
The centaur shoots an arrow.
The arrow closely misses your white imp.
The arrow hits you!
You die...

##############
##.########...#.........
.....5c5....#...########
.c....#####c..#############
.####.. ##.## ##........#
##.# #c####...#####.# ##
#...5@..[# #.# #.####...#
#.# #.# ##########.### #.#
#............# #.#
#.########.#.##### #.# #.#
##.........# ### #.#
#..........# #.#
#..........# #.#
#.....(....#


You could see a centaur (ally target) and a friendly white imp (summoned).

Vanquished Creatures
  2 adders
  A shadow imp (D:3)
  A dart slug (D:3)
  7 orcs
  2 endoplasms (D:1)
  3 giant cockroaches (D:3)
  7 goblins
  5 hobgoblins
  3 jackals (D:4)
  4 kobolds
  2 quokkas (D:2)
  14 ball pythons
  5 bats
  2 frilled lizards (D:1)
  A jackal skeleton (D:4)
  7 rats
66 creatures vanquished.

Vanquished Creatures (collateral kills)
  A scorpion (D:4)
  An orc wizard (D:3)
  An adder (D:2)
  2 worms
  5 orcs
  A giant cockroach (D:2)
  A jackal (D:4)
  A quokka (D:3)
  A frilled lizard (D:2)
14 creatures vanquished.

Grand Total: 80 creatures vanquished

Notes
Turn   | Place    | Note
-------+----------+-------------------------------------------
     0 | D:1      | Thatpatchoflichen the Ogre Hedge Wizard began the quest for
                  | the Orb.
     0 | D:1      | Reached XP level 1. HP: 16/16 MP: 5/5
   150 | D:1      | Reached skill level 1 in Fighting
   216 | D:1      | Reached XP level 2. HP: 27/27 MP: 3/6
   274 | D:1      | Found a faded altar of an unknown god.
   365 | D:1      | Reached skill level 4 in Spellcasting
  1104 | D:2      | Reached XP level 3. HP: 6/35 MP: 5/8
  1411 | D:2      | Learned a level 2 spell: Call Imp
  1414 | D:2      | Learned a level 2 spell: Blink
  1417 | D:2      | Learned a level 2 spell: Slow
  2177 | D:2      | Found Muatryp's General Store.
  2187 | D:2      | Bought a potion of heal wounds for 60 gold pieces
  2523 | D:3      | Noticed a +0 short sword
  2523 | D:3      | Noticed a +0 falchion
  2523 | D:3      | Noticed a +0 spear
  2523 | D:3      | Noticed a +0 dagger
  2524 | D:3      | Noticed a +0 falchion
  2524 | D:3      | Noticed a +0 spear
  2525 | D:3      | Noticed a +0 short sword
  2525 | D:3      | Noticed a +0 dagger
  2530 | D:3      | Found a hide-covered altar of Uskayaw.
  2535 | D:3      | Found Yreoskir's Book Shop.
  2594 | D:3      | Found Diapiaq's Armour Shoppe.
  3209 | D:3      | Found an iron altar of Okawaru.
  3215 | D:3      | Reached XP level 4. HP: 45/45 MP: 5/10
  4669 | D:4      | Noticed a centaur
  4996 | D:4      | Found a sacrificial altar of Ru.
  5213 | D:3      | Reached skill level 5 in Spellcasting
  5213 | D:3      | Reached XP level 5. HP: 14/54 MP: 5/12
  5449 | D:3      | HP: 1/54 [orc (9)]
  5798 | D:4      | Reached skill level 1 in Conjurations
  5954 | D:4      | Shot with an arrow by a centaur

Illustrated notes

Levels and vault maps discovered:
D:1:      roderic_dead_forest, layout_loops_ring,
          shapermc_ecumenical_altar_starsandcircs
D:2:      layout_basic, serial_shops, shop_fountains
D:3:      layout_basic, nicolae_uskayaw_en_pointe, kennysheep_okawaru_gauntlet,
          serial_shops, shop, shop
D:4:      minmay_chambers_of_threes, layout_loops_ring, pf_just_have_faith,
          kennysheep_little_box

Skill      XL: |  1  2  3  4  5 |
---------------+----------------+-----
Fighting       | 1 2 3 4 |  4.3
Spellcasting   | 4 5 |  5.2
Dodging        | 2 |  2.3
Conjurations   | 1 |  1.0
Stealth        | |  1.4
Summonings     | |  0.8
Translocations | |  0.8

Action                   |  1- 3 |  4- 6 || total
-------------------------+-------+-------++-------
Melee: Short sword       |    92 |    63 ||   155
       Hand axe          |       |     4 ||     4
 Cast: Magic Dart        |    57 |    37 ||    94
       Call Imp          |    14 |    27 ||    41
       Blink             |       |     1 ||     1
  Use: Scroll            |     4 |     2 ||     6
       Potion            |       |     1 ||     1
 Stab: Sleeping          |     1 |     1 ||     2
Armor: Robe              |    41 |    43 ||    84
Dodge: Dodged            |    56 |    76 ||   132
